mrgnz, lawful male human Knight ----- -- ...| --.--- ..- |..... ---- .. --..... |..| -.. |......--..----- --- |..- -...........|.--|.. ---------- ---..| |-.............--.- --..%.....-- |.(..| |.................-- -- |.<.--- .| -....--- -.....---..........| .. --..| ......|...--.- |..........--.- --.| ........ -- ---.......)...| ------- ---.--- -G.%--. -----------...^...-------.--..---.....| |.@.|--...........^....)........%...............| |.--- -- --------------..I.-----.............-- .. ----....--- ----...........| -- --.|^......| -----.......| |..%.......| --....--- --`.(......| ------ ---.|.--.-- ----- -- mrgnz the Esquire Experience level: 4 Strength: 17 Dexterity: 9 Constitution: 12 Intelligence: 7 Wisdom: 16 Charisma: 17 Health: 0(36) Energy: 39(39) Def: 7 Gold: 264 Moves: 1620 Dungeon seed: X3RihpXKS7ni8pd5 Game ID: mrgnz_1548161866 Your Inventory: Coins $ - 264 gold pieces Weapons a - a rusty corroded +1 long sword (weapon in hand) b - a +1 lance Armor e - an uncursed +1 ring mail (being worn) n - an uncursed +0 helmet (being worn) q - an uncursed +0 small shield (being worn) r - an uncursed +0 pair of leather gloves (being worn) Comestibles d - 4 uncursed carrots L - an uncursed gnome corpse Potions o - an uncursed potion of oil (lit) Rings j - an uncursed ring of cold resistance (on left hand) Tools J - an uncursed tallow candle (0:200) Gems y - an uncursed worthless piece of white glass Spells and supernatural/magical abilities: Name Level Category Fail Memory W - pray for help -- divine ? -- X - turn undead -- divine ? -- Y - supernatural jump -- ability ? -- Your skills at the end: Fighting Skills riding [Basic] Weapon Skills long sword [Basic] lance [Basic] Spellcasting Skills Final Attributes: You were piously aligned. You were cold resistant. You saw invisible. You could jump. You are dead. Vanquished creatures: a gnome king a kobold lord 2 acid blobs 2 coyotes 4 manes a large kobold a cave spider a green mold 7 gnomes a gnome zombie 2 geckos 2 jackals a fox 2 kobolds a goblin 3 sewer rats 3 grid bugs 2 lichens a kobold zombie 4 newts 42 creatures vanquished. Voluntary challenges: You followed a strict vegan diet. You used a wielded weapon 36 times, starting on turn 5. You read items or engraved 3 times, starting on turn 255. You never genocided any monsters. You never polymorphed an object. You never changed form. You used no wishes. You never split a pudding. You never wrote Elbereth's name. You never violated your personal moral code. Dungeon overview: The Dungeons of Doom: levels 1 to 3 Level 1 some fountains a long staircase Level 2 stairs to The Gnomish Mines Level 3 a fountain The Gnomish Mines: Level 3 <- You were here stairs to The Dungeons of Doom History has recorded: On T:1 you entered the Dungeons of Doom to retrieve the Amulet of Yendor! On T:343 you reached level 2 of The Dungeons of Doom. On T:393 you advanced to experience level 2. On T:703 you reached level 3 of The Dungeons of Doom. On T:851 you advanced to experience level 3. On T:1441 you reached level 1 of The Gnomish Mines. On T:1444 you advanced to experience level 4. Score breakdown: Gold: 264 ( 8243 points) Experience: 4 levels ( 9649 points) Exploration: 3 levels ( 6.00%) ( 6060 points) Discoveries: 2 items ( 0.81%) ( 2705 points) Valuables value: (no points given unless you survive) Artifact value: 0 ( 0 points) Variety of kills: 20 monsters ( 5.25%) ( 6873 points) Turncount: 1620 turns ( 0 points) Survival: died (score multiplied by 80%) Total score: 26824 Latest messages: The boulder hits the saddled pony! You are hit by a boulder. You don't have enough stamina to move. The saddled pony picks up 2 daggers. As you read the scroll, it disappears. You hear some noises in the distance. You don't have enough stamina to move. Never mind. Wow! This makes you feel good! (You can name a fizzy potion from the item naming menu.) You feel full of awe. (You can name a clear potion from the item naming menu.) You don't have enough stamina to move. (2x) You kill the newt! The gnome king hits! You die... Final status: Fare thee well mrgnz the Knight, killed by a gnome king... You died in The Gnomish Mines on dungeon level 3 with 26824 points, and 264 pieces of gold, after 1620 moves. You were level 4 with a maximum of 36 hit points when you died.